 Dungeon Crawl Stone Soup version 0.31.0-4-g52a2dc7128 (webtiles) character file.

Game seed: 3490871222993121406

11 GhostPizza the Trooper (level 2, -4/39 HPs)
             Began as a Draconian Berserker on Jan 22, 2024.
             Was a Follower of Trog.
             Succumbed to a kobold's poison
             ... on level 1 of the Dungeon.
             The game lasted 00:00:42 (371 turns).

GhostPizza the Trooper (Draconian Berserker)         Turns: 371, Time: 00:00:42

Health: -4/39      AC:  4    Str: 19    XL:     2   Next: 13%
Magic:  2/2        EV: 12    Int:  7    God:    Trog [*.....]
Gold:   42         SH:  0    Dex: 10    Spells: 1/1 levels left

rFire   . . .        a - +0 mace
rCold   . . .        (no shield)
rNeg    . . .        (body armour unavailable)
rPois   .            (helmet restricted)
rElec   .            (no cloak)
rCorr   .            (no gloves)
SInv    .            (no boots)
Will    .....        (no amulet) Stlth
                     (no ring)
HPRegen 0.26/turn    (no ring)
MPRegen 0.08/turn

%: no passive effects
@: berserking, lethally poisoned (-4 -> -25), very quick
A: AC +4, unfitting armour, cold-blooded
a: Renounce Religion, Berserk


You were on level 1 of the Dungeon.
You worshipped Trog.
Trog was aware of your devotion.
You visited 1 branch of the dungeon, and saw 1 of its levels.

You collected 42 gold pieces.

Inventory:

Hand Weapons
 a - a +0 mace (weapon)
Jewellery
 b - a ring of fire
Potions
 c - a potion of brilliance {unknown}
 d - a potion of enlightenment {unknown}


   Skills:
 + Level 3.6 Fighting
 - Level 3.2 Maces & Flails
 - Level 2.8 Dodging


You had one spell level left.
You didn't know any spells.
Your spell library was empty.

Dungeon Overview and Level Annotations

Branches:
Dungeon (1/15)

Altars:


Innate Abilities, Weirdness & Mutations

Your plain brown scales are hard. (AC +4)
You cannot fit into any form of body armour.
You are cold-blooded and may be slowed by cold attacks.


Message History

The kobold is moderately wounded.
The kobold hits you with a +2 whip of venom.
You are poisoned.
The rat barely misses you.
You barely miss the kobold.
The kobold is moderately wounded.
You feel sick.
The kobold hits you with a +2 whip of venom.
You are more poisoned.
The rat completely misses you.
The kobold hits you with a +2 whip of venom.
The rat twitches its whiskers.
The rat barely misses you.
You barely miss the kobold.
You feel very sick. The kobold closely misses you. The rat barely misses you.
The kobold hits you with a +2 whip of venom.
You are lethally poisoned!
You are too injured to fight recklessly!
You are too injured to fight recklessly!
Unknown command.
A red film seems to cover your vision as you go berserk!
You feel yourself moving faster!
You feel mighty!
You feel very sick. The kobold misses you.
The kobold hits you with a +0 dagger.
* * * LOW HITPOINT WARNING * * *
The rat bites you.
* * * LOW HITPOINT WARNING * * *
You closely miss the kobold.
Your tail-slap misses the kobold.
* * * LOW HITPOINT WARNING * * *
You feel sick.
The kobold hits you with a +2 whip of venom.
* * * LOW HITPOINT WARNING * * *
You are more poisoned.
The kobold hits you with a +0 dagger.
* * * LOW HITPOINT WARNING * * *
The rat barely misses you.
You are too berserk!
You closely miss the kobold.
You die...

.......#
.#.....:# .
........# .
.#......# .
........# .
.#......# .
......rK# .
#....K@# .
#########)#
.
#.........#
.
#........##
.
#........#
.
#........#
.
#........#
#
#........#
##........#


You could see 2 kobolds and a rat.

Vanquished Creatures
  2 endoplasms (D:1)
  A giant cockroach (D:1)
  2 hobgoblins (D:1)
  A quokka (D:1)
  2 bats (D:1)
  2 kobolds (D:1)
10 creatures vanquished.

Notes
Turn   | Place    | Note
-------+----------+-------------------------------------------
     0 | D:1      | GhostPizza the Draconian Berserker began the quest for the
                  | Orb.
     0 | D:1      | Reached XP level 1. HP: 19/19 MP: 1/1
   149 | D:1      | Found a faded altar of an unknown god.
   212 | D:1      | Reached XP level 2. HP: 26/26 MP: 2/2
   370 | D:1      | HP: 1/39 [kobold/+0 dagger (2)]
   371 | D:1      | Succumbed to a kobold's poison

Illustrated notes

Levels and vault maps discovered:
D:1:      grunt_arrival_crossed_arrows, layout_basic,
          hellmonk_ecumenical_altar_heavens_door, st_stairs_9

Action                     || total
---------------------------++-------
  Melee: Mace              ||    30
         Tailslap          ||     4
 Invoke: Berserk           ||     1
 Armour: Skin              ||    19
  Dodge: Dodged            ||    20
